 Dungeon Crawl Stone Soup version 0.14-a0-2604-g6f603d6 (webtiles) character file.

1456 MirrMurr the Covert (level 8, -1/54 HPs)
             Began as a Spriggan Enchanter on Feb 13, 2014.
             Killed by divine providence
             ... invoked by an orc priest
              (13 damage)
             ... on Level 6 of the Dungeon.
             The game lasted 00:24:35 (6941 turns).

MirrMurr the Covert (Spriggan Enchanter)            Turns: 6941, Time: 00:24:35

HP  -1/54        AC  5     Str  8 (11) XL: 8   Next: 21%
MP   6/23        EV 17     Int 17      God:
Gold 252         SH 10     Dex 16      Spells:  3 memorised, 10 levels left

rFire  . . .     SeeInvis +     a - +1 dagger
rCold  . . .     Clarity  .     v - +1 robe
rNeg   . . .     Conserve .     J - +0 buckler (curse)
rPois  .         rCorr    .     (helmet restricted)
rElec  .         rRot     .     k - +0 elf cloak
SustAb . .       Spirit   .     (gloves unavailable)
rMut   +         Warding  .     (boots unavailable)
Saprov . . .     Stasis   .     l - amulet of resist mutation
MR     +....                    (no ring)
                                h - +1 ring of protection

@: berserking, very slightly contaminated, very quick, somewhat resistant to
hostile enchantments, extremely unstealthy
A: unfitting armour, see invisible, herbivore 3, speed 3, slow metabolism 2
a: no special abilities


You were on level 6 of the Dungeon.
You were not hungry.

You visited 1 branch of the dungeon, and saw 6 of its levels.

You collected 252 gold pieces.

Inventory:

Hand weapons
 a - a +1,+1 dagger (weapon)
 b - a +0,+0 sling
 c - a +0 blowgun
 B - a +2,+1 short sword of speed
Missiles
 d - 12 darts (quivered)
 p - 12 sling bullets
 q - 49 stones
 C - 37 poisoned needles
 G - 6 curare-tipped needles
Armour
 k - a +0 elven cloak (worn)
 v - a +1 robe (worn)
 J - a cursed +0 buckler (worn)
Comestibles
 g - a bread ration
Scrolls
 e - a scroll of recharging {unknown}
 i - 3 scrolls of identify
 j - a scroll of blinking
 m - a scroll of noise {unknown}
 n - a scroll of random uselessness {unknown}
 o - a scroll of teleportation {unknown}
 r - a scroll of fog {unknown}
 s - a scroll of enchant weapon II {unknown}
 y - a scroll of amnesia {unknown}
 I - 2 scrolls of remove curse
 K - a scroll of fear
Jewellery
 h - a +1 ring of protection (left hand)
 l - an amulet of resist mutation (around neck)
Potions
 f - 5 potions of curing
 z - a potion of magic
 A - 2 potions of flight
 F - 2 potions of brilliance
Books
 x - a Grand Grimoire {highlevel}

   This book is beyond your current level of understanding.

   Spells                             Type                      Level
   Demonic Horde                      Summoning                    6
   Mass Abjuration                    Summoning                    6
   Haunt                              Necromancy/Summoning         7
   Summon Greater Demon               Summoning                    7
   Malign Gateway                     Summoning/Translocation      7
   Summon Horrible Things             Summoning                    8
 D - a book of Maledictions

   Spells                             Type                      Level
   *Corona                            Hexes                        1
   Sure Blade                         Hexes/Charms                 2
   *Ensorcelled Hibernation           Hexes/Ice                    2
   *Confuse                           Hexes                        3
   Enslavement                        Hexes                        4
   Invisibility                       Hexes                        6


   Skills:
 * Level 6.7 Short Blades
 - Level 1.1 Throwing
 - Level 3.0 Dodging
 * Level 10.9 Stealth
 + Level 4.8 Spellcasting
 - Level 3.6 Hexes


You had 10 spell levels left.
You knew the following spells:

 Your Spells              Type           Power        Failure   Level  Hunger
a - Ensorcelled Hibernat  Hex/Ice        ##....       14%         2    #......
b - Confuse               Hex            ###.....     14%         3    ###....
Z - Corona                Hex            ###....      4%          1    None


Dungeon Overview and Level Annotations

Branches:
Dungeon (6/16)
 Temple: D:4-7

Altars:
Elyvilon
Sif Muna
Xom

Annotations:
D:6 staves


Innate Abilities, Weirdness & Mutations

You are tiny and cannot use many weapons and most armour.
You have supernaturally acute eyesight.
You are a herbivore.
You cover ground extremely quickly.
You need consume almost no food.


Message History

Aiming: Ensorcelled Hibernation
Press: ? - help, Shift-Dir - straight line, f/p - orc priest
Aim: an orc priest, wielding an orcish mace and wearing an orcish leather armour The orc priest resists.
The orc priest closely misses you. The orc wizard casts a spell at you.
The puff of frost hits you!
* * * LOW HITPOINT WARNING * * *
You are too injured to fight recklessly!
Drink which item? (? for menu, Esc to quit)
A red film seems to cover your vision as you go berserk!
You feel yourself moving faster!
You feel mighty!
The orc priest calls down the wrath of Beogh upon you.
You resist.
The orc wizard's eyes start to glow.
You barely miss the orc priest. You puncture the orc priest!
The orc priest is heavily wounded.
The orc priest mumbles some strange prayers to Beogh against you.
Something smites you!
You die...

#.......# ###########
#.......# #.....#...#
####.......# #.#.#.###.#
...........#####.#.#.....#
####.......#...'.#.#.#####
#.......#.###.#.#.#
#.......#.# ###.#.#
#.........# #...#.#
#..%....### #@##### .
####.#### #ooo...... .#
#..# ###'##### ##h
#######'#### .# #..
#..........# . #h#
#..........# ## #.#
#..........### #####+##
##.###
#..........'.###......#
#.....
#..........#..##......#
###.....


You could see an orc priest, an orc wizard and an orc.

Vanquished Creatures
  Edmund (D:5)
  An ice beast (D:6)
  2 phantoms
  An ogre (D:4)
  Sigmund (D:5)
  Duvessa (D:5)
  A crimson imp (D:5)
  Dowan (D:5)
  2 jellies
  2 hounds
  2 iguanas
  An orc wizard (D:6)
  3 worker ants
  Ijyb (D:5)
  10 adders
  2 giant mites
  An inept feature mimic (D:4)
  4 worms
  An adder skeleton (D:4)
  A giant eyeball (D:5)
  5 giant geckos
  15 orcs
  11 bats
  5 giant cockroaches
  8 goblins
  9 hobgoblins
  8 jackals
  3 quokkas
  3 ball pythons
  A giant gecko zombie (D:5)
  3 giant newts
  11 kobolds
  12 rats
133 creatures vanquished.

Vanquished Creatures (others)
  An orc (D:5)
1 creature vanquished.

Grand Total: 134 creatures vanquished

Notes
Turn   | Place    | Note
--------------------------------------------------------------
     0 | D:1      | MirrMurr, the Spriggan Enchanter, began the quest for the Orb.
     0 | D:1      | Reached XP level 1. HP: 9/9 MP: 4/4
   279 | D:1      | Reached skill level 4 in Stealth
   325 | D:1      | Reached XP level 2. HP: 10/13 MP: 7/7
   329 | D:1      | Learned a level 2 spell: Ensorcelled Hibernation
   939 | D:1      | Reached skill level 5 in Stealth
  1186 | D:2      | Reached XP level 3. HP: 16/16 MP: 3/9
  1191 | D:2      | Learned a level 3 spell: Confuse
  1446 | D:2      | Found a white marble altar of Elyvilon.
  1486 | D:2      | Reached skill level 6 in Stealth
  1753 | D:2      | Reached XP level 4. HP: 21/21 MP: 1/12
  2464 | D:3      | Reached XP level 5. HP: 24/24 MP: 14/14
  2643 | D:3      | Reached skill level 7 in Stealth
  2696 | D:3      | Found a shimmering altar of Xom.
  3657 | D:4      | Noticed a phantom
  3754 | D:4      | Noticed an ogre
  3759 | D:4      | Killed an ogre
  3759 | D:4      | Reached skill level 8 in Stealth
  3759 | D:4      | Reached XP level 6. HP: 21/28 MP: 7/17
  3966 | D:3      | Killed a phantom
  4475 | D:5      | Entered Level 5 of the Dungeon
  4519 | D:5      | Reached skill level 9 in Stealth
  4621 | D:5      | Paralysed by a giant eyeball for 4 turns
  4713 | D:5      | Noticed Sigmund
  4768 | D:5      | Reached skill level 5 in Short Blades
  4812 | D:5      | Reached XP level 7. HP: 30/32 MP: 20/20
  4930 | D:5      | Killed Sigmund
  5232 | D:5      | Noticed Ijyb
  5237 | D:5      | Noticed Edmund
  5240 | D:5      | Killed Ijyb
  5278 | D:5      | Killed Edmund
  5435 | D:5      | Noticed Dowan
  5436 | D:5      | Noticed Duvessa
  5652 | D:5      | Killed Dowan
  5652 | D:5      | Reached skill level 10 in Stealth
  5791 | D:5      | Killed Duvessa
  6591 | D:6      | Reached XP level 8. HP: 36/36 MP: 18/23
  6593 | D:6      | Found a deep blue altar of Sif Muna.
  6941 | D:6      | Killed from afar by an orc priest

Action                   |  1- 3 |  4- 6 |  7- 9 || total
-------------------------+-------+-------+-------++-------
Melee: Dagger            |   126 |   234 |   129 ||   489
 Fire: Sling             |     2 |     9 |    13 ||    24
       Blowgun           |       |     8 |       ||     8
 Cast: Ensorcelled Hiber |     8 |    13 |    25 ||    46
       Confuse           |     1 |     8 |     7 ||    16
       Corona            |       |     2 |       ||     2
Evoke: Wand              |       |       |     1 ||     1
  Use: Scroll            |     1 |     8 |     1 ||    10
       Potion            |     1 |     3 |     2 ||     6
 Stab: Sleeping          |    11 |    28 |    19 ||    58
       Distracted        |       |     1 |     1 ||     2
       Confused          |       |     1 |     1 ||     2
